 Dungeon Crawl Stone Soup version 0.29.1-15-g9cfb28693d (webtiles) character file.

Game seed: 1213173475935617094

265 jtron the Trooper (level 6, 0/52 HPs)
             Began as a Barachi Fighter on Feb 27, 2023.
             Slain by Grinder (2 damage)
             ... on level 4 of the Dungeon.
             The game lasted 00:11:54 (3472 turns).

jtron the Trooper (Barachi Fighter)                 Turns: 3472, Time: 00:11:54

Health: 0/52       AC:  9    Str: 18    XL:     6   Next: 20%
Magic:  6/6        EV:  9    Int:  8    God:
Gold:   174        SH: 10    Dex: 13    Spells: 5/5 levels left

rFire   . . .      SeeInvis .   a - +0 long sword
rCold   . . .      Faith    .   c - +1 buckler
rNeg    . . .      Spirit   .   b - +0 scale mail
rPois   .          Reflect  +   i - +2 hat
rElec   .          Harm     .   (no cloak)
rCorr   .          Rampage  .   (no gloves)
Will    .....                   (no boots)
Stlth   ..........              o - amulet of reflection
HPRegen 0.17/turn               (no ring)
MPRegen 0.10/turn               (no ring)

@: mighty, slow
A: amphibious, slowness 1, strong legs 1, +LOS
a: Hop


You were on level 4 of the Dungeon.
You visited 1 branch of the dungeon, and saw 4 of its levels.

You collected 174 gold pieces.

Inventory:

Hand Weapons
 a - a +0 long sword (weapon)
Missiles
 l - 28 stones
 m - 2 boomerangs (quivered)
Armour
 b - a +0 scale mail (worn)
 c - a +1 buckler (worn)
 i - a +2 hat (worn)
Jewellery
 j - a ring of ice
 o - an amulet of reflection (around neck)
Scrolls
 g - a scroll of immolation
 h - a scroll of blinking
 k - a scroll of brand weapon
 n - a scroll of identify
 p - 2 scrolls of vulnerability
 r - a scroll of teleportation
Potions
 e - a potion of attraction {unknown}
 f - a potion of curing
 q - a potion of heal wounds


   Skills:
 * Level 5.7 Fighting
 + Level 4.9 Long Blades
 + Level 0.3 Throwing
 + Level 4.9 Armour
 + Level 0.7 Dodging
 - Level 3.2 Shields


You had 5 spell levels left.
You didn't know any spells.
Your spell library contained the following spells:

 Spells                   Type           Power      Damage    Failure   Level
 Necrotise                Necr           0%         1d4       86%         1
 Vampiric Draining        Necr           0%         2d6       99%         3
 Agony                    Necr           0%         N/A       100%        5


Dungeon Overview and Level Annotations

Branches:
Dungeon (4/15)
 Temple: D:4-7

Altars:
Hepliaklqana
Okawaru

Shops:
D:4 =[

Annotations:
D:3 Robin
D:4 Grinder


Innate Abilities, Weirdness & Mutations

You are amphibious.
You cover ground slowly.
You can hop short distances.
You have an extended range of vision and can be seen from far away.


Message History

Pain shoots through your body! Grinder hits you.
You slash Grinder!
Grinder is moderately wounded.
Grinder blinks!
Grinder closely misses you. Grinder gestures at you.
You barely resist. You hit Grinder.
Grinder is heavily wounded.
You block Grinder's attack.
You completely miss Grinder.
Grinder is heavily wounded.
Grinder hits you.
You writhe in agony.
You are too injured to fight recklessly!
You are too injured to fight recklessly!
You are too injured to fight recklessly!
You closely miss Grinder.
Grinder is heavily wounded.
You block Grinder's attack.
You barely miss Grinder.
Grinder is heavily wounded.
Grinder gestures at you. Pain shoots through your body!
* * * LOW HITPOINT WARNING * * *
You hit Grinder.
Grinder is heavily wounded.
Grinder says, "You look like you could use a good racking."
Grinder gestures at you.
You barely resist. Grinder closely misses you.
You completely miss Grinder.
Grinder is heavily wounded.
Grinder says, "FISH!"
You block Grinder's attack.
You slash Grinder!
Grinder is almost dead.
Grinder hits you.
* * * LOW HITPOINT WARNING * * *
You writhe in agony.
You die...

.....#.##########################
.##...P..........................
....≈§§.....##############.####..
.##.≈≈.#.#.................## #..
.....§.#.'..................###..
.#####.###.......................
.#)))...##.......................
.#)###.....♣.....5...###.........
##.# #...♣......@....# #.........
...###..P............# #.........
..........♣♣.........# #........#
........'............###.........
........###'###..####∩.∩.....####
........# #.# #..............#
........# #.# #......∩.∩.....####
........# #.# #.........##.......
........# #.# ##........##.......


You could see Grinder.

Vanquished Creatures
  A quasit (D:4)
  An orc wizard (D:4)
  5 gnolls
  3 adders
  A shadow imp (D:4)
  3 white imps (D:4)
  2 worms
  A dart slug (D:4)
  9 orcs
  6 bats
  10 endoplasms
  6 giant cockroaches
  4 goblins
  11 hobgoblins
  8 kobolds
  3 quokkas
  5 ball pythons
  7 frilled lizards
  5 rats
91 creatures vanquished.

Vanquished Creatures (others)
  2 demonic plants (D:4)
2 creatures vanquished.

Grand Total: 93 creatures vanquished

Notes
Turn   | Place    | Note
-------+----------+-------------------------------------------
     0 | D:1      | jtron the Barachi Fighter began the quest for the Orb.
     0 | D:1      | Reached XP level 1. HP: 18/18 MP: 1/1
   211 | D:1      | Reached skill level 4 in Fighting
   289 | D:1      | Reached XP level 2. HP: 20/25 MP: 2/2
   605 | D:1      | Found a faded altar of an unknown god.
   689 | D:1      | Reached XP level 3. HP: 31/31 MP: 3/3
  1427 | D:2      | Reached XP level 4. HP: 34/38 MP: 4/4
  2046 | D:3      | Found an iron altar of Okawaru.
  2237 | D:3      | Found a hazy altar of Hepliaklqana.
  2341 | D:3      | Noticed Robin
  2351 | D:4      | Reached skill level 5 in Fighting
  2354 | D:4      | Reached XP level 5. HP: 28/44 MP: 5/5
  2500 | D:4      | Found Dazxeu's Weapon Boutique.
  2700 | D:4      | Noticed Grinder
  3123 | D:4      | Found Koptur's Armour Boutique.
  3139 | D:4      | Reached XP level 6. HP: 50/51 MP: 6/6
  3368 | D:4      | Found Gisak's Jewellery Emporium.
  3431 | D:4      | Paralysed by Grinder for 5 turns
  3472 | D:4      | HP: 2/52 [Grinder (3)]
  3472 | D:4      | Slain by Grinder

Illustrated notes

Levels and vault maps discovered:
D:1:      erik_arrival_cave_to_civilisation [erik_arrival_cave_to_hall],
          layout_rooms, ebering_ecumenical_altar_sacrificial,
          serial_co_window_serial, co_window_corner_a, co_window_paths_a,
          co_window_paths_b, co_window_paths_b, co_window_corner_a,
          co_window_paths_c, co_window_broadway_a, co_window_corner_cb,
          co_window_corner_cb, co_window_of_opportunity_b, glass_columns_a
D:2:      layout_basic, grunt_ministairs_5, minmay_octomino_e4
D:3:      layout_rooms, nzn_hepliaklqana_mist_gate, okawaru_ov_weapons_minmay,
          uniq_robin
D:4:      minmay_door_path, layout_basic, serial_demonic, serial_demonic_c,
          serial_demonic_a, serial_demonic_f, serial_demonic_g, serial_shops,
          nicolae_shop_competitors_out_of_business, shop_fountains,
          nicolae_stop_n_shop_1, nicolae_stop_n_shop_1, hangedman_decor_points,
          minmay_misc_feat_nine_boxes, uniq_grinder

Skill      XL: |  1  2  3  4 |
---------------+-------------+-----
Fighting       | 4 5 |  5.7
Long Blades    | 3 4 |  4.9
Armour         | 4 |  4.9
Throwing       | |  0.3
Dodging        | |  0.7
Shields        | |  3.2

Action                   |  1- 3 |  4- 6 || total
-------------------------+-------+-------++-------
Melee: Long sword        |   119 |   195 ||   314
Throw: Stone             |     2 |    11 ||    13
       Boomerang         |       |     4 ||     4
  Use: Scroll            |     3 |    12 ||    15
       Potion            |     1 |     5 ||     6
Armor: Scale mail        |    80 |    93 ||   173
Dodge: Dodged            |    56 |    67 ||   123
Block: Buckler           |    38 |    99 ||   137
